 Dungeon Crawl Stone Soup version 0.30-a0-170-g85af917532 (webtiles) character file.

Game seed: 13127212422203599904

186 BlueGoblin the Shooter (level 5, -1/39 HPs)
             Began as a Demonspawn Hunter on Oct 1, 2022.
             Slain by Grinder (2 damage)
             ... on level 3 of the Dungeon.
             The game lasted 00:04:07 (2583 turns).

BlueGoblin the Shooter (Demonspawn Hunter)          Turns: 2583, Time: 00:04:07

Health: -1/39      AC: 13    Str: 11    XL:     5   Next: 38%
Magic:  5/5        EV: 12    Int: 10    God:
Gold:   204        SH:  0    Dex: 19    Spells: 4/4 levels left

rFire   . . .      SeeInvis .    b - +0 short sword (protect)
rCold   . . .      Faith    .    (no shield)
rNeg    . . .      Spirit   .    c - +0 leather armour
rPois   .          Reflect  .    (helmet restricted)
rElec   .          Harm     .    (no cloak)
rCorr   .          Rampage  .    h - +0 pair of gloves
Will    .....                    (no boots)
Stlth   ++........               (no amulet)
HPRegen 0.13/turn                (no ring)
MPRegen 0.09/turn                (no ring)

@: brilliant, under a protective aura, attractive
A: horns 1, slimy green scales 1
a: no special abilities


You were on level 3 of the Dungeon.
You visited 1 branch of the dungeon, and saw 4 of its levels.

You collected 204 gold pieces.

Inventory:

Hand Weapons
 a - a +0 shortbow
 b - a +0 short sword of protection (weapon)
 k - a +0 dagger
Armour
 c - a +0 leather armour (worn)
 h - a +0 pair of gloves (worn)
Potions
 f - a potion of brilliance
 g - 3 potions of haste


   Skills:
 + Level 2.7 Fighting
 + Level 5.6 Ranged Weapons
 + Level 0.8 Armour
 + Level 1.9 Dodging
 - Level 0.8 Stealth


You had 4 spell levels left.
You didn't know any spells.
Your spell library contained the following spells:

 Spells                   Type           Power      Damage    Failure   Level
 Blink                    Tloc           0%         N/A       58%         2
 Momentum Strike          Conj/Tloc      0%         3d8       58%         2
 Gell's Gravitas          Tloc           0%         N/A       83%         3
 Lesser Beckoning         Tloc           0%         N/A       83%         3
 Teleport Other           Tloc           0%         N/A       83%         3


Dungeon Overview and Level Annotations

Branches:
Dungeon (4/15)
 Temple: D:4-7

Altars:

Annotations:
D:2 Robin
D:3 1 runed translucent door, Aibolit's ghost, amateur KoBr; Grinder


Innate Abilities, Weirdness & Mutations

You have a pair of small horns on your head.
You are partially covered in slimy green scales. (AC +2)


Message History

Grinder is moderately wounded.
Grinder hits you.
You writhe in agony.
You are too injured to fight recklessly!
You are too injured to fight recklessly!
You are too injured to fight recklessly!
You are too injured to fight recklessly!
You are too injured to fight recklessly!
You barely miss Grinder.
Grinder is moderately wounded.
Grinder hits you but does no damage.
You hit Grinder but do no damage. Your headbutt misses Grinder.
Grinder is moderately wounded.
Grinder gestures at you.
You suddenly lose the ability to move!
Grinder hits you but does no damage. x3
You can move again.
Unknown command.
It was a potion of brilliance.
You feel clever all of a sudden. Grinder hits you.
It was a potion of attraction.
You feel attractive to monsters. Grinder closely misses you.
It was a potion of curing.
You feel better. Grinder gestures at you.
You barely resist. You hit Grinder but do no damage.
Your weapon exudes an aura of protection.
Grinder is moderately wounded.
Grinder hits you!
You writhe in agony.
* * * LOW HITPOINT WARNING * * *
You barely miss Grinder. You headbutt Grinder.
Grinder is moderately wounded.
Grinder misses you.
You hit Grinder. You headbutt Grinder.
Grinder is heavily wounded.
Grinder hits you!
* * * LOW HITPOINT WARNING * * *
You writhe in agony.
You die...

..## #.##....#.####
#.# #..# #.##......#
#.#
##.####.....#†#####
#.#
#...##...###.....####
#.# ##...##...#
#####....## #..
.....>....# ###....#
## ##. ##...#....#
#...##..... ##
##...[.#..# #.###
###. #...####.# #@#
#. #...# #... #5#
#.## #(.(# .#.. .K.
#.<# ##### .#####.#.#
##.## #. .# #..## #.
.# ##..# # #. .# ##.#
## .. .. #.###.
#.....


You could see Grinder and a kobold.

Vanquished Creatures
  An ogre (D:2)
  3 adders (D:2)
  2 worms (D:3)
  2 dart slugs (D:2)
  An orc (D:3)
  6 endoplasms
  2 giant cockroaches
  15 goblins
  5 hobgoblins
  5 jackals
  7 kobolds
  A quokka (D:1)
  3 ball pythons
  3 bats
  A frilled lizard (D:1)
  3 rats
60 creatures vanquished.

Notes
Turn   | Place    | Note
-------+----------+-------------------------------------------
     0 | D:1      | BlueGoblin the Demonspawn Hunter began the quest for the
                  | Orb.
     0 | D:1      | Reached XP level 1. HP: 16/16 MP: 1/1
   125 | D:1      | Reached skill level 4 in Ranged Weapons
   166 | D:1      | Gained mutation: You have a pair of small horns on your
                  | head. [demonic ancestry]
   166 | D:1      | Reached XP level 2. HP: 22/22 MP: 2/2
   776 | D:2      | You fall into a shaft and drop 2 floors!
   835 | D:2      | Reached XP level 3. HP: 27/27 MP: 3/3
  1355 | D:2      | Noticed Robin
  1430 | D:2      | Reached XP level 4. HP: 33/33 MP: 4/4
  1468 | D:2      | Reached skill level 5 in Ranged Weapons
  1510 | D:2      | Noticed an ogre
  1536 | D:2      | Killed an ogre
  1537 | D:2      | Gained mutation: You are partially covered in slimy green
                  | scales. (AC +2) [demonic ancestry]
  1537 | D:2      | Reached XP level 5. HP: 6/39 MP: 5/5
  2422 | D:3      | Found a runed translucent door.
  2422 | D:3      | Noticed Aibolit's ghost (amateur KoBr)
  2550 | D:3      | Noticed Grinder
  2554 | D:3      | Paralysed by Grinder for 5 turns
  2574 | D:3      | Paralysed by Grinder for 4 turns
  2583 | D:3      | HP: 1/39 [Grinder (8)]
  2583 | D:3      | Slain by Grinder

Illustrated notes

Levels and vault maps discovered:
D:1:      tarquinn_simple_flora_water_d, layout_rooms, kennysheep_nondescript,
          st_stairs_10
D:2:      layout_basic, uniq_robin
D:3:      layout_rooms, nicolae_tso_swordbearing_angel, ebering_ghost_sewer_d,
          serial_corexii_hall, corexii_hall_statues_i,
          corexii_hall_statues_deadend, uniq_grinder
D:4:      layout_basic, nicolae_uskayaw_dance_hall

Skill      XL: |  1  2  3  4 |
---------------+-------------+-----
Ranged Weapons | 4 5 |  5.6
Fighting       | |  2.7
Armour         | |  0.8
Dodging        | |  1.9
Stealth        | |  0.8

Action                   |  1- 3 |  4- 6 || total
-------------------------+-------+-------++-------
Melee: Dagger            |     1 |       ||     1
       Short sword       |       |    22 ||    22
       Headbutt          |       |     4 ||     4
 Fire: Shortbow          |   100 |    48 ||   148
  Use: Scroll            |     3 |     3 ||     6
       Potion            |       |     4 ||     4
Armor: Leather armour    |    12 |    15 ||    27
Dodge: Dodged            |    28 |    11 ||    39

Table legend: (Time is in decaauts)
 A = Elapsed time spent in this place.
 B = Non-inter-level travel time spent in this place.
 C = Inter-level travel time spent in this place.
 D = Time resting spent in this place.
 E = Time spent auto-exploring this place.
 F = Levels seen in this place.
 G = Mean time per level.
                   A        B        C        D        E       F      G
               +--------+--------+--------+--------+--------+-----+--------+
         Total |   2612 |   2431 |    181 |    354 |   1679 |   4 |  653.0 |
       Dungeon |   2612 |   2431 |    181 |    354 |   1679 |   4 |  653.0 |
               +--------+--------+--------+--------+--------+-----+--------+

Top non-repeatable levels by time:
     D:2: 1500 daAuts
     D:1: 769 daAuts
     D:3: 322 daAuts
     D:4: 19 daAuts
